 Dungeon Crawl Stone Soup version 0.23-a0-54-gae6112e (webtiles) character file.

255 Gorice the Conjurer (level 5, -1/31 HPs)
             Began as a Deep Elf Wanderer on Aug 8, 2018.
             Killed by nerve-wracking pain
             ... invoked by Menkaure
              (7 damage)
             ... on level 4 of the Dungeon.
             The game lasted 00:14:48 (4340 turns).

Gorice the Conjurer (Deep Elf Wanderer)             Turns: 4340, Time: 00:14:50

Health: -1/31      AC:  3    Str: 10    XL:     5   Next: 91%
Magic:  4/11       EV: 11    Int: 15    God:
Gold:   239        SH:  0    Dex: 16    Spells: 7/10 levels left

rFire    . . .     SeeInvis .   a - +3 dagger (venom)
rCold    + . .     Gourm    .   (no shield)
rNeg     . . .     Faith    .   d - +0 robe
rPois    .         Spirit   .   (no helmet)
rElec    .         Reflect  .   (no cloak)
rCorr    .         Harm     .   q - +0 pair of gloves
MR       .....                  (no boots)
Stlth    ++........             (no amulet)
HPRegen  0.10/turn              c - ring of protection from cold
MPRegen  0.12/turn              (no ring)

@: no status effects
A: no striking features
a: no special abilities


You were on level 4 of the Dungeon.
You were not hungry.

You visited 1 branch of the dungeon, and saw 4 of its levels.

You collected 239 gold pieces.

Inventory:

Hand Weapons
 a - a +3 dagger of venom (weapon)
   (You took it off a goblin on level 3 of the Dungeon)
 b - a +0 short sword
 e - a +0 falchion
 i - a +0 rapier
 l - a +1 mace of protection
   (You found it on level 3 of the Dungeon)
Missiles
 Y - 129 stones (quivered)
Armour
 d - a +0 robe (worn)
 q - a +0 pair of gloves (worn)
Jewellery
 c - a ring of protection from cold (left hand)
Scrolls
 g - 3 scrolls of remove curse
 k - 2 scrolls of fog
 m - 4 scrolls of identify
 p - a scroll of magic mapping {!r}
Potions
 j - a potion of curing
 n - a potion of haste {!q}
Comestibles
 f - 6 rations


   Skills:
 - Level 2.4 Fighting
   Level 1.0 Staves
 - Level 2.0 Throwing
 - Level 1.2 Stealth
 + Level 3.1 Spellcasting
 * Level 6.4 Conjurations


You had 7 spell levels left.
You knew the following spells:

 Your Spells              Type           Power        Failure   Level  Hunger
a - Magic Dart            Conj           ###.         1%          1    #......
b - Searing Ray           Conj           ###...       1%          2    ##.....

Your spell library contained the following spells:

 Spells                   Type           Power        Failure   Level  Hunger
 Iskenderun's Mystic Bla  Conj           ###.....     14%         4    #####..
 Confusing Touch          Hex            #.....       21%         1    #......
 Fulminant Prism          Conj/Hex       ##........   45%         4    #####..
 Dazzling Spray           Conj/Hex       ##....       16%         3    ###....
 Force Lance              Conj/Tloc      ##......     45%         4    #####..
 Spectral Weapon          Hex/Chrm       #.......     52%         3    ###....


Dungeon Overview and Level Annotations

Branches:
Dungeon (4/15)
 Temple: D:4-7

Altars:
Ashenzari
Ru
Wu Jian
Xom

Annotations:
D:4 Menkaure


Message History

Found a stone staircase leading up.
Found a hunting sling.
You now have 239 gold pieces (gained 9).
Menkaure, Prince of Dust comes into view.
Menkaure shouts!
Found 23 stones.
You start waiting.
Menkaure is too close now for your liking.
Casting: Magic Dart (safe; 1% risk of failure)
Confirm with . or Enter, or press ? or * to list all spells.
Aiming: Searing Ray (safe; 1% risk of failure)
Press: ? - help, Shift-Dir - straight line, f - Menkaure
Aim: Menkaure The searing ray hits Menkaure.
Menkaure is lightly damaged. (Press . to maintain the ray.)
The searing ray misses Menkaure.
Menkaure gestures at you while chanting.
Pain shoots through your body!
Damage: 14 (max 14)
The searing ray hits Menkaure.
Menkaure is lightly damaged.
The searing ray hits Menkaure.
Menkaure is moderately damaged.
You finish channeling your searing ray.
Menkaure calls on the powers of darkness!
Your body is wracked with pain!
* * * LOW HITPOINT WARNING * * *
Damage: 7 (max 14)
Casting: Searing Ray (safe; 1% risk of failure)
Confirm with . or Enter, or press ? or * to list all spells.
Aiming: Magic Dart (safe; 1% risk of failure)
Press: ? - help, Shift-Dir - straight line, f/p - Menkaure
Aim: Menkaure (moderately damaged)
The magic dart hits Menkaure.
Menkaure is heavily damaged.
Menkaure calls on the powers of darkness!
Your body is wracked with pain!
* * * LOW HITPOINT WARNING * * *
Damage: 4 (max 14)
Casting: Magic Dart (safe; 1% risk of failure)
Confirm with . or Enter, or press ? or * to list all spells.
Aiming: Magic Dart (safe; 1% risk of failure)
Press: ? - help, Shift-Dir - straight line, f/p - Menkaure
Aim: Menkaure (heavily damaged)
The magic dart hits Menkaure.
Menkaure is heavily damaged.
Menkaure points at you and mumbles some strange words.
Pain shoots through your body!
You die...

#..##...#..#
....###.......#
......#...## #.##)#
.#..#.##..# ##.#####..#
#.##.#.#.#.#.##..# #.#
..# #.##.#.#.#.#.##..#
#.# ....
#.##.#............ #.#
.######.##.###.#.#.#####
#.# ..............#.#
#######<....######.#
.......@.M.........#
###########.######## #.#
#.### #...# #.#.######
#.......... #.......#.#
#..........


You could see Menkaure.

Vanquished Creatures
  A howler monkey (D:2)
  A bullfrog skeleton (D:2)
  Terence (D:2)
  Natasha (D:2)
  8 adders
  3 dart slugs
  A leopard gecko (D:3)
  4 orcs (D:3)
  A ball python (D:3)
  6 goblins
  3 hobgoblins
  4 jackals (D:3)
  4 quokkas (D:2)
  12 bats
  8 frilled lizards
  4 kobolds
  8 rats
70 creatures vanquished.

Notes
Turn   | Place    | Note
-------+----------+-------------------------------------------
     0 | D:1      | Gorice the Deep Elf Wanderer began the quest for the Orb.
     0 | D:1      | Gorice set off with: a +0 short sword, a +0 robe, a ration
     0 | D:1      | Reached XP level 1. HP: 13/13 MP: 5/5
     3 | D:1      | Learned a level 1 spell: Magic Dart
   240 | D:1      | Reached skill level 3 in Conjurations
   328 | D:1      | Reached XP level 2. HP: 18/18 MP: 1/6
   956 | D:2      | Noticed a howler monkey
   962 | D:2      | Noticed Terence
  1286 | D:2      | Reached skill level 4 in Conjurations
  1286 | D:2      | Reached XP level 3. HP: 22/22 MP: 0/7
  1348 | D:2      | Learned a level 2 spell: Searing Ray
  1637 | D:2      | Found an ornate altar of the Wu Jian Council.
  1680 | D:2      | Reached XP level 4. HP: 27/27 MP: 3/8
  1699 | D:2      | HP: 7/27 [Terence/falchion (3)]
  1710 | D:2      | HP: 8/27 [Terence/falchion (5)]
  1714 | D:2      | Killed Terence
  1714 | D:2      | Reached skill level 5 in Conjurations
  1968 | D:2      | Found a shattered altar of Ashenzari.
  1992 | D:2      | Noticed Natasha
  2004 | D:2      | Killed Natasha
  2439 | D:2      | Reached skill level 2 in Spellcasting
  2439 | D:2      | Reached XP level 5. HP: 24/31 MP: 4/10
  2774 | D:2      | Reached skill level 6 in Conjurations
  3915 | D:3      | Reached skill level 3 in Spellcasting
  4124 | D:3      | Found a sacrificial altar of Ru.
  4223 | D:4      | Found a shimmering altar of Xom.
  4225 | D:4      | Found a shimmering altar of Xom.
  4225 | D:4      | Found a shimmering altar of Xom.
  4225 | D:4      | Found a shimmering altar of Xom.
  4226 | D:4      | Found a shimmering altar of Xom.
  4226 | D:4      | Found a shimmering altar of Xom.
  4227 | D:4      | Found a shimmering altar of Xom.
  4308 | D:4      | Noticed Menkaure
  4339 | D:4      | HP: 6/31 [??? (4)]
  4340 | D:4      | Killed from afar by Menkaure

Vault maps used:
D:1:      lemuel_arrival_tunnels
D:2:      lemuel_round_altar, lemuel_coloured_pillars_altar, first_ration,
          uniq_natasha, uniq_terence
D:3:      nicolae_ru_the_path_less_chosen, minmay_misc_feat_x
D:4:      lemuel_crystal_altar, xom_redecorated, uniq_blork_the_orc,
          uniq_menkaure

Skill      XL: |  1  2  3  4  5 |
---------------+----------------+-----
Conjurations   | 3 4 5 6 |  6.4
Spellcasting   | 2 3 |  3.1
Fighting       | |  2.4
Staves         | |  1.0
Throwing       | |  2.0
Stealth        | |  1.2

Action                   |  1- 3 |  4- 6 || total
-------------------------+-------+-------++-------
Melee: Short sword       |     3 |    12 ||    15
 Cast: Magic Dart        |    61 |    76 ||   137
       Searing Ray       |     1 |     7 ||     8
  Use: Scroll            |     4 |     5 ||     9
       Potion            |       |     3 ||     3
  Eat: Chunk             |     4 |    10 ||    14
Armor: Robe              |     2 |     3 ||     5
       Skin              |       |     4 ||     4
Dodge: Dodged            |     7 |    20 ||    27

Table legend:
 A = Spawn XP
 B = Non-spawn XP
 C = Spawn XP percentage of total XP
 D = Spawn monster count
 E = Non-spawn monster count
 F = Spawn count percentage of total count
 G = Total turns spent on level
                    A         B        C        D         E        F      G
               +---------+---------+-------+---------+---------+-------+---------
         Total |       0 |     365 |   0.0 |       0 |      70 |   0.0 |  4340
               +---------+---------+-------+---------+---------+-------+---------
           D:1 |       0 |      33 |   0.0 |       0 |      21 |   0.0 |   982
           D:2 |       0 |     220 |   0.0 |       0 |      21 |   0.0 |  1827
           D:3 |       0 |      99 |   0.0 |       0 |      27 |   0.0 |  1373
           D:4 |       0 |      13 |   0.0 |       0 |       1 |   0.0 |   158
               +---------+---------+-------+---------+---------+-------+---------

Table legend:
 A = Turns spent in this place as a percentage of turns spent in the entire game.
 B = Non-inter-level travel turns spent in this place as a percentage of non-inter-level travel turns spent in the entire game.
 C = Inter-level travel turns spent in this place as a percentage of turns spent in this place.
 D = Turns resting spent in this place as a percentage of non-inter-level travel turns spent in this place.
 E = Turns spent auto-exploring this place as a percentage of non-inter-level travel turns spent in this place.
 F = Non-inter-level travel turns spent in this place divided by the number of levels of this place that you've seen.
                   A       B       C       D       E      F
               +-------+-------+-------+-------+-------+----------------------
         Total | 100.0 | 100.0 |   2.9 |  31.5 |  48.1 | 1053.5
       Dungeon | 100.0 | 100.0 |   2.9 |  31.5 |  48.1 | 1053.5
               +-------+-------+-------+-------+-------+----------------------

Vault maps used:
D:1:      lemuel_arrival_tunnels
D:2:      lemuel_round_altar, lemuel_coloured_pillars_altar, first_ration,
          uniq_natasha, uniq_terence
D:3:      nicolae_ru_the_path_less_chosen, minmay_misc_feat_x
D:4:      lemuel_crystal_altar, xom_redecorated, uniq_blork_the_orc,
          uniq_menkaure
